AoeStats
← flynorc

Nomad

508730589Analyzed
2v2 RM · 7d ago on Sep 23, 2026· 50m 38s· 4 players
Game mode
Random Map
Map size
176×176
Population
200
Speed
Normal
Resources
Standard
Victory
Conquest
Starting age
Dark Age
Ending age
Imperial Age
RankedLock teamsTeams togetherTeam positionsShared explorationLock speedFull tech treeHidden civsTurbo modeCheats
Victory
Defeat
🇺🇸 Varangians · United States
1369
+15
🇦🇹 Italians · Austria
1365
+15
🇹🇷 Persians · Türkiye
1352
-15
🇹🇷 Huns · Türkiye
1352
-15
agahgenc
5:22 Loom
13:37 Feudal Age
18:32 Castle Age
30:32 Husbandry
31:50 Bloodlines
38:09 Imperial Age
36:13 Padded Archer Armor
36:03 Fletching
36:18 Elite Skirmisher
38:24 Bodkin Arrow
38:44 Leather Archer Armor
40:40 Double-Bit Axe
40:25 Cavalier
48:35 Wheelbarrow
50:18 Chemistry
49:05 Pikeman
Subutay
3:02 Loom
14:01 Feudal Age
19:16 Castle Age
17:35 Fletching
21:09 Bodkin Arrow
22:07 Medium Warships
22:46 Thumb Ring
23:06 Padded Archer Armor
23:18 Bloodlines
23:09 Husbandry
35:14 Horse Collar
36:04 Leather Archer Armor
42:30 Ballistics
44:40 Gold Mining
flynorc
5:12 Loom
15:33 Feudal Age
16:53 Town Watch
19:35 Castle Age
17:31 Double-Bit Axe
17:52 Fletching
20:28 Medium Warships
19:58 Fishing Lines
20:28 Bodkin Arrow
21:11 Forging
26:30 Bow Saw
26:02 Horse Collar
28:44 Wheelbarrow
28:01 Gold Mining
28:18 Stone Mining
34:57 Imperial Age
32:59 Ballistics
33:07 Padded Archer Armor
33:19 Masonry
34:17 Leather Archer Armor
36:42 Chemistry
35:43 Bracer
36:32 Elite Genoese Crossbowman
40:33 Coinage
43:58 Banking
43:39 Scale Barding Armor
44:05 Ring Archer Armor
43:20 Light Cavalry
44:11 Bloodlines
44:38 Iron Casting
44:46 Chain Barding Armor
45:39 Architecture
44:45 Hussar
45:26 Husbandry
49:13 Plate Barding Armor
Dr.scifly
5:46 Loom
15:01 Feudal Age
19:57 Castle Age
18:37 Fletching
19:41 Double-Bit Axe
22:41 Bodkin Arrow
22:52 Scale Barding Armor
37:51 Fishing Lines
38:41 Bow Saw
44:12 Scale Barding Armor
44:17 Forging
48:37 Wheelbarrow
48:53 Chain Barding Armor
48:29 Town Watch
49:24 Horse Collar
51:40 Iron Casting
Connection lost

Rejoining the realm…

Still unreachable

The connection could not be restored.

Session expired

The server has moved on; the page needs a fresh start.